[Event "Late-Titled-Tuesday-Blitz-November-28-2023"]
[Site "Chess.com"]
[Date "2023.11.28"]
[Round "7"]
[White "wanyaland"]
[Black "Teidi96"]
[Result "1-0"]
[WhiteElo "2449"]
[BlackElo "2280"]
[TimeControl "180+1"]
[EndTime "15:14:10 PST"]
[Termination "wanyaland won by resignation"]

1. d4 Nf6 2. c4 e6 3. g3 d5 4. Bg2 Be7 5. Nf3 O-O 6. O-O dxc4 7. Qc2 a6 8. a4 Bd7 9. Bg5 Bc6 10. Nbd2 a5 11.
Nxc4 Na6 12. Nce5 Be4 13. Qc1 c6 14. Rd1 Nb4 15. Qf4 Qd5 16. Rac1 Nh5 17. Qh4 Bxg5 18. Nxg5 Bxg2 19. Qxh5 h6 20. e4 Bxe4 21. Rc5 Bg6 22. Nxg6 fxg6 23. Qxg6 hxg5 24. Rxd5 exd5 25. Qxg5 Rae8 26.
Rd2 Re4 27. Kg2 Na6 28. Qg6 Nc7 29. Qd6 Ne6 30. Qd7 Rf7 31. Qc8+ Kh7 32. Qa8 Nxd4 33. Qxa5 Nb3 34. Qc3 Nxd2 35. Qxd2 Kh8 36. b3 Rfe7 37. h4 Re2 38. Qg5 Rf7 39. Qh5+ Kg8 40. Qxe2 1-0

[Event "Late-Titled-Tuesday-Blitz-November-28-2023"]
[Site "Chess.com"]
[Date "2023.11.28"]
[Round "7"]
[White "VitaliyChayka"]
[Black "GMJustin"]
[Result "1-0"]
[WhiteElo "2423"]
[BlackElo "2316"]
[TimeControl "180+1"]
[EndTime "15:14:10 PST"]
[Termination "VitaliyChayka won on time"]

1. d4 Nf6 2. Bf4 d5 3. e3 c5 4. dxc5 Nc6 5. Bb5 e6 6. b4 a5 7.
c3 Bd7 8. Qb3 Ne4 9. f3 e5 10.
fxe4 exf4 11. exf4 dxe4 12. Ne2 Qf6 13. Nd2 axb4 14.
Nxe4 Qg6 15. N2g3 bxc3 16. O-O Be7 17. f5 Qh6 18. Rad1 Rd8 19. f6 gxf6 20. Rxf6 Qe3+ 21. Kh1 O-O 22. Rf3 1-0

[Event "Late-Titled-Tuesday-Blitz-November-28-2023"]
[Site "Chess.com"]
[Date "2023.11.28"]
[Round "7"]
[White "Sic_Transit_GM"]
[Black "NCchamp"]
[Result "1-0"]
[WhiteElo "2704"]
[BlackElo "2380"]
[TimeControl "180+1"]
[EndTime "15:14:18 PST"]
[Termination "Sic_Transit_GM won on time"]

1. g3 d5 2. Bg2 Nf6 3. Nf3 Bg4 4. O-O c6 5. h3 Bh5 6. d3 Nbd7 7. c4 e6 8. Nc3 Be7 9. g4 Bg6 10. Nh4 O-O 11. Nxg6 hxg6 12. g5 Ne8 13. h4 Nd6 14.
cxd5 cxd5 15. e4 dxe4 16. dxe4 Ne5 17. f4 Qb6+ 18. Kh2 Nc6 19. Qe2 Rad8 20. Be3 Qb4 21. Rad1 Nc4 22. Bc1 Nd4 23. Qf2 Bc5 24. Rd3 Nb3 25.
Qc2 Rxd3 26. axb3 Ne3 27. Qxd3 Nxf1+ 28. Bxf1 Bd4 29. Qc4 Qd6 30. e5 Qd8 31. Ne4 Bb6 32. Nd6 Qd7 33. Bd2 f6 34. Bh3 f5 35. Bg2 a6 36.
Bxb7 1-0

[Event "Late-Titled-Tuesday-Blitz-November-28-2023"]
[Site "Chess.com"]
[Date "2023.11.28"]
[Round "7"]
[White "FaustinoOro"]
[Black "Msb2"]
[Result "0-1"]
[WhiteElo "2854"]
[BlackElo "3035"]
[TimeControl "180+1"]
[EndTime "15:14:20 PST"]
[Termination "Msb2 won on time"]

1. e4 e6 2. d4 d5 3. Nd2 c5 4. Ngf3 Nf6 5. exd5 Nxd5 6. c3 Nc6 7. dxc5 Bxc5 8. Ne4 Be7 9. Bd3 O-O 10. O-O h6 11.
Qe2 Qc7 12. Rd1 b6 13. Ng3 Bb7 14. Be4 Nf6 15. Bc2 Rfd8 16. Be3 Ne5 17. Nxe5 Qxe5 18. Bd4 Qxe2 19. Nxe2 Rac8 20. Nf4 Rxd4 21. Rxd4 e5 22. Ra4 exf4 23. Rxa7 Rc7 24. Rd1 g5 25. f3 b5 26.
Ra5 b4 27. Rb5 bxc3 28. bxc3 Ba6 29. Ra5 Rxc3 30. Rxa6 Rxc2 31. a4 Kg7 32. a5 Bc5+ 33.
Kh1 Ra2 34. Ra8 Nd5 35. Rc1 Be3 36. Rd1 Nb4 37. h3 h5 38. Kh2 g4 39. hxg4 hxg4 40.
Kh1 g3 41. Rb1 Nd3 0-1

[Event "Late-Titled-Tuesday-Blitz-November-28-2023"]
[Site "Chess.com"]
[Date "2023.11.28"]
[Round "7"]
[White "egnfanclub"]
[Black "ural58"]
[Result "0-1"]
[WhiteElo "2334"]
[BlackElo "2470"]
[TimeControl "180+1"]
[EndTime "15:14:20 PST"]
[Termination "ural58 won on time"]

1. e4 d5 2. exd5 Qxd5 3. Nc3 Qa5 4. Bc4 Nf6 5. d3 Bg4 6. f3 Be6 7. Bxe6 fxe6 8. Qe2 Nc6 9. Bd2 Nd4 10. Qd1 O-O-O 11. Nge2 Nf5 12. Ng3 Nd4 13. Nge4 e5 14. Ne2 Qb6 15. b4 Nd5 16. c3 Nf5 17. N2g3 Nfe3 18.
Bxe3 Nxe3 19. Qe2 e6 20. a3 Be7 21. Nf1 Nf5 22. g4 Bh4+ 23. Nfg3 Ne3 24. Kd2 Nd5 25. Kc2 Rhf8 26. c4 Nf4 27. Qd2 h5 28. c5 Qc6 29. Nf2 Qd5 30. Nge4 Bxf2 31. Qxf2 Qxd3+ 0-1

[Event "Late-Titled-Tuesday-Blitz-November-28-2023"]
[Site "Chess.com"]
[Date "2023.11.28"]
[Round "7"]
[White "RodokininEV"]
[Black "Rodalquilar"]
[Result "0-1"]
[WhiteElo "2586"]
[BlackElo "2750"]
[TimeControl "180+1"]
[EndTime "15:14:21 PST"]
[Termination "Rodalquilar won by resignation"]

1. d4 d5 2. c4 e6 3. Nc3 a6 4. c5 b6 5. cxb6 c5 6. e3 Nd7 7. Nf3 Qxb6 8. Be2 Ngf6 9. O-O Be7 10.
Na4 Qa7 11. b3 cxd4 12. Nxd4 Bb7 13. Bb2 O-O 14. Bd3 Rfc8 15. Qe2 Bf8 16. Rfc1 e5 17. Nf5 g6 18. Ng3 Bg7 19. Qd1 h5 20. Nf1 Bc6 21. Be2 Qb7 22. Nc5 Nxc5 23. Rxc5 d4 24. exd4 Bxg2 25.
Rxc8+ Rxc8 26. dxe5 Ng4 27. Bxg4 hxg4 28. Qxg4 Bf3 29.
Qg3 Rc2 30. Bd4 Qe4 31. Be3 Bxe5 32. Qg5 Bxa1 33. Ng3 Qg4 34. Qd8+ Kg7 35. Bh6+ Kxh6 36. h4 Rc1+ 37. Kh2 Rh1+ 0-1

[Event "Late-Titled-Tuesday-Blitz-November-28-2023"]
[Site "Chess.com"]
[Date "2023.11.28"]
[Round "7"]
[White "PushingpawnsNYC"]
[Black "MeesvanOsch"]
[Result "0-1"]
[WhiteElo "2313"]
[BlackElo "2414"]
[TimeControl "180+1"]
[EndTime "15:14:21 PST"]
[Termination "MeesvanOsch won by checkmate"]

1. e4 e6 2. d4 d5 3. Bd3 dxe4 4. Bxe4 Nf6 5. Bf3 c5 6. Ne2 Nc6 7. Be3 Be7 8. O-O O-O 9. a3 Qc7 10. dxc5 Rd8 11. Qc1 Ne5 12. b4 Nxf3+ 13. gxf3 b6 14. cxb6 axb6 15. Bf4 e5 16. Bg3 Bb7 17. Qe3 Qxc2 18.
Rc1 Qf5 19. Nbc3 Bxf3 20. Qxe5 Qxe5 21. Bxe5 Ng4 22. Bc7 Rd2 23. Rd1 Rxe2 24. Nxe2 Bxe2 25. Rd2 Bf3 26. Bxb6 h5 27. Bc7 Kh7 28. h3 Nf6 29. Re1 Rxa3 30. Rxe7 Ra1+ 31. Kh2 h4 32. Bg3 Rh1# 0-1

[Event "Late-Titled-Tuesday-Blitz-November-28-2023"]
[Site "Chess.com"]
[Date "2023.11.28"]
[Round "7"]
[White "szachmistrz2500"]
[Black "SouS007"]
[Result "1-0"]
[WhiteElo "2486"]
[BlackElo "2585"]
[TimeControl "180+1"]
[EndTime "15:14:26 PST"]
[Termination "szachmistrz2500 won by checkmate"]

1. Nf3 g5 2. Nxg5 e5 3. d3 d5 4. e4 Nf6 5. Nc3 d4 6. Ne2 h6 7.
Nf3 c6 8. Ng3 h5 9. h4 Bg4 10.
Be2 Nbd7 11. Ng5 Nc5 12. c3 dxc3 13. bxc3 Bxe2 14. Kxe2 Ng4 15. f3 Nf6 16. Nf5 Ne6 17. Be3 Qa5 18. Qb3 Nd8 19. d4 Nd7 20. Rad1 c5 21. dxe5 Nxe5 22. Rd5 f6 23. Rxe5+ fxe5 24. Qd5 Qxc3 25. Rd1 Qb2+ 26. Rd2 Qb5+ 27. Kf2 Be7 28. Qxe5 Nc6 29. Qxh8+ Bf8 30. Qxh5# 1-0

[Event "Late-Titled-Tuesday-Blitz-November-28-2023"]
[Site "Chess.com"]
[Date "2023.11.28"]
[Round "7"]
[White "serena-maria"]
[Black "zajka-molotok"]
[Result "0-1"]
[WhiteElo "2339"]
[BlackElo "2528"]
[TimeControl "180+1"]
[EndTime "15:14:28 PST"]
[Termination "zajka-molotok won on time"]

1. e4 c5 2. f4 Nc6 3. Bb5 Qc7 4. d3 g6 5. Nf3 Bg7 6. Nc3 e6 7. O-O Nge7 8. Be3 Nd4 9. Bxd4 cxd4 10. Ne2 Qb6 11.
Bc4 Nc6 12. e5 O-O 13. Bb3 d6 14. exd6 Na5 15. Qd2 Nxb3 16. axb3 Qxd6 17. Ra4 Bd7 18. Ra5 b6 19. Rg5 Bc6 20. Qe1 Rac8 21. Rg3 Bxf3 22. Rgxf3 Rxc2 23. Rh3 Rxb2 24. Ng3 Rc8 25.
Ne4 Qe7 26. Qg3 Rcc2 27. Nf2 Rxb3 28. Qf3 Qd8 29. Qe4 Rbb2 30. Rg3 Qd5 31. Qe1 a5 32.
Ne4 a4 33. Qa1 b5 34. Qa3 Qd8 35. Nd6 Bf8 0-1

[Event "Late-Titled-Tuesday-Blitz-November-28-2023"]
[Site "Chess.com"]
[Date "2023.11.28"]
[Round "7"]
[White "PNEPaul"]
[Black "Hoshka"]
[Result "1/2-1/2"]
[WhiteElo "1863"]
[BlackElo "2113"]
[TimeControl "180+1"]
[EndTime "15:14:29 PST"]
[Termination "Game drawn - insufficient material"]

1. e4 e5 2. Nf3 Nc6 3. Bc4 Nf6 4. d4 exd4 5. O-O Nxe4 6. Re1 d5 7.
Bxd5 Qxd5 8. Nc3 Qd7 9. Nxe4 Be7 10. Bg5 O-O 11. Bxe7 Nxe7 12. Qxd4 Qxd4 13. Nxd4 Nf5 14. Nb5 c6 15. Nbd6 Nxd6 16. Nxd6 Be6 17. Nxb7 Rab8 18. Nc5 Rxb2 19. Nxe6 fxe6 20. Re2 Kf7 21. f3 Rd8 22.
Kf2 Rd5 23. Rae1 e5 24. Rxe5 Rxe5 25. Rxe5 Rxc2+ 26. Re2 Rc3 27. Rb2 a5 28. Ke2 a4 29.
Kd2 Ra3 30. Rc2 Ke7 31. Rxc6 Rxa2+ 32. Rc2 Rxc2+ 33. Kxc2 Kd6 34. Kb2 Kc5 35. Ka3 Kd4 36. Kxa4 Ke3 37. Kb3 g5 38. Kc3 Kf2 39. Kd3 Kxg2 40.
Ke4 Kxh2 41. Kf5 h6 42. Kg6 Kg3 43. Kxh6 Kf4 44. Kh5 Kf5 45. Kh6 g4 46. fxg4+ Kxg4 1/2-1/2

[Event "Late-Titled-Tuesday-Blitz-November-28-2023"]
[Site "Chess.com"]
[Date "2023.11.28"]
[Round "7"]
[White "IMRosen"]
[Black "ckgchess"]
[Result "0-1"]
[WhiteElo "2708"]
[BlackElo "2868"]
[TimeControl "180+1"]
[EndTime "15:14:32 PST"]
[Termination "ckgchess won by checkmate"]

1. e4 e5 2. Nf3 Nf6 3. Nc3 Nc6 4. d4 exd4 5. Nxd4 Bb4 6. Nxc6 bxc6 7. Bd3 O-O 8. O-O Re8 9. Qf3 h6 10. Bf4 d6 11. h3 Bxc3 12. bxc3 Rb8 13. Rfe1 Nd7 14. Qg3 Qf6 15. Be3 a5 16. Bd4 Qg5 17. Qh2 c5 18. f4 Qe7 19. Bf2 Qf6 20. Qg3 Bb7 21.
Rad1 Bc6 22. c4 Re7 23. Re3 Rbe8 24. Rde1 a4 25. Qh4 Qb2 26. a3 Nf6 27. f5 Kh8 28. g4 Nxe4 29. Bxe4 Rxe4 30. Rxe4 Rxe4 31. Rxe4 Bxe4 32.
g5 Qc1+ 33. Kh2 Qh1+ 34. Kg3 Qf3+ 35. Kh2 Qg2# 0-1

[Event "Late-Titled-Tuesday-Blitz-November-28-2023"]
[Site "Chess.com"]
[Date "2023.11.28"]
[Round "7"]
[White "OparinGrigoriy"]
[Black "TRadjabov"]
[Result "1/2-1/2"]
[WhiteElo "3008"]
[BlackElo "3015"]
[TimeControl "180+1"]
[EndTime "15:14:34 PST"]
[Termination "Game drawn by repetition"]

1. Nf3 Nf6 2. d4 e6 3. c4 d5 4. g3 Be7 5. Bg2 O-O 6. Qc2 c5 7. dxc5 Qa5+ 8. Nc3 dxc4 9. O-O Nc6 10. Bg5 Qxc5 11.
Rfd1 Nb4 12. Qd2 Nbd5 13. Nxd5 exd5 14. Qd4 Qxd4 15. Nxd4 Rd8 16. b3 h6 17. Bf4 cxb3 18.
axb3 Bd7 19. Bc7 Rdc8 20. Be5 Ne4 21. Rdc1 a6 22. h3 Bf8 23. g4 Re8 24. Rc7 Bxg4 25.
hxg4 Rxe5 26. Rxb7 Bc5 27. e3 Nf6 28. Nf3 Re7 29. Rxe7 Bxe7 30. Nd4 Bc5 31. Nc6 Kf8 32. Bf3 g6 33. b4 Bb6 34. Be2 Kg7 35. Kg2 Rc8 36.
Rc1 Ra8 37. Ra1 Rc8 38. Rc1 Ra8 39. Ra1 1/2-1/2

[Event "Late-Titled-Tuesday-Blitz-November-28-2023"]
[Site "Chess.com"]
[Date "2023.11.28"]
[Round "7"]
[White "Blackwhite017"]
[Black "Felix-Rose"]
[Result "0-1"]
[WhiteElo "2052"]
[BlackElo "2328"]
[TimeControl "180+1"]
[EndTime "15:14:34 PST"]
[Termination "Felix-Rose won by resignation"]

1. e4 e5 2. Nf3 Nc6 3. Bb5 a6 4. Ba4 Nf6 5. d3 b5 6. Bb3 Bc5 7. c3 d6 8. O-O Ba7 9. Nbd2 h6 10. a4 O-O 11. h3 Be6 12. Bc2 d5 13. Qe2 Re8 14. Rd1 b4 15. a5 d4 16. c4 Nd7 17.
Nh2 Nc5 18. Rf1 f5 19. exf5 Bxf5 20. Qf3 Qd7 21. g4 Bg6 22. Ba4 Nxa4 23. Rxa4 e4 24. Nxe4 Ne5 25. Qd1 Nxd3 26. Ng3 Nxc1 27. Rxb4 Nd3 28.
Rb7 Qc6 0-1

[Event "Late-Titled-Tuesday-Blitz-November-28-2023"]
[Site "Chess.com"]
[Date "2023.11.28"]
[Round "7"]
[White "DefiantChair"]
[Black "Dr_crypt"]
[Result "0-1"]
[WhiteElo "2598"]
[BlackElo "2411"]
[TimeControl "180+1"]
[EndTime "15:14:39 PST"]
[Termination "Dr_crypt won by checkmate"]

1. e4 e5 2. Nf3 Nf6 3. d4 Nxe4 4.
Bc4 d5 5. Bb3 exd4 6. O-O Nc6 7.
c4 dxc3 8. Bxd5 Nf6 9. Re1+ Be7 10. Nxc3 O-O 11. Bxc6 bxc6 12. Qc2 Be6 13. Bf4 Nd5 14. Bg3 Bd6 15. Ne4 Qd7 16. Ne5 Bxe5 17. Bxe5 Nb4 18. Qc3 Nd5 19. Qg3 f6 20. Bd4 Bf5 21. Nc5 Qf7 22.
Qf3 Bg6 23. a3 a5 24. Re2 Rfe8 25. Rae1 Rxe2 26. Qxe2 Re8 27. Qxe8+ Qxe8 28. Rxe8+ Bxe8 29. f3 Bg6 30. Nb3 a4 31. Nc5 Bc2 32. Kf2 Kf7 33. Ke2 Ke7 34. Kd2 Bb3 35. Nxb3 axb3 36. Bc5+ Ke6 37.
a4 Nb6 38. Bxb6 cxb6 39. Kc3 Kd5 40. Kxb3 Kd4 41. Ka3 c5 42. b4 Kc4 43. b5 f5 44. f4 g6 45. g3 h6 46. h3 g5 47.
fxg5 hxg5 48. h4 f4 49. gxf4 gxh4 50. f5 h3 51. f6 h2 52. f7 h1=Q 53. f8=Q Qa1# 0-1

[Event "Late-Titled-Tuesday-Blitz-November-28-2023"]
[Site "Chess.com"]
[Date "2023.11.28"]
[Round "7"]
[White "BogdanDeac"]
[Black "GothamChess"]
[Result "1-0"]
[WhiteElo "2991"]
[BlackElo "2660"]
[TimeControl "180+1"]
[EndTime "15:14:45 PST"]
[Termination "BogdanDeac won on time"]

1. c4 g6 2. d4 Bg7 3. e4 Nc6 4. d5 Nd4 5. Be3 c5 6. dxc6 dxc6 7. Nc3 e5 8. Nge2 Be6 9. Qa4 Ne7 10. O-O-O O-O 11.
Nxd4 exd4 12. c5 b5 13. Qc2 dxc3 14. Rxd8 cxb2+ 15. Kb1 Raxd8 16. Be2 f5 17. Bg5 Rd7 18. Rd1 fxe4 19. Rxd7 Bxd7 20. Bxe7 Rxf2 21. Qb3+ Kh8 22. Qd1 Rxe2 23. Qxe2 e3 24. g4 h5 25. h3 hxg4 26.
hxg4 Kg8 27. Bd6 Be6 28. Qxe3 Bxg4 29. Be5 Bf5+ 30. Kxb2 1-0

[Event "Late-Titled-Tuesday-Blitz-November-28-2023"]
[Site "Chess.com"]
[Date "2023.11.28"]
[Round "7"]
[White "Goryachkina"]
[Black "dropstoneDP"]
[Result "0-1"]
[WhiteElo "2652"]
[BlackElo "2949"]
[TimeControl "180+1"]
[EndTime "15:14:45 PST"]
[Termination "dropstoneDP won on time"]

1. e4 e5 2. Nf3 Nf6 3. Nc3 Nc6 4. d4 exd4 5. Nxd4 Bb4 6. Nxc6 bxc6 7. Bd3 O-O 8. O-O d5 9. exd5 cxd5 10. h3 c6 11.
Qf3 Bd6 12. Re1 Be6 13. Ne2 Re8 14. Bg5 Be5 15. c3 h6 16. Bf4 Bxf4 17. Nxf4 Qd6 18. Nh5 Nxh5 19. Qxh5 Bd7 20. Qf3 a5 21. Rad1 Rxe1+ 22. Rxe1 a4 23. Qe3 Be6 24. Qb6 Rb8 25. Qa7 Rxb2 26. Qxa4 Rb8 27. Qa7 c5 28. a4 d4 29.
cxd4 Rd8 30. a5 Qxd4 31. Bf1 Qb4 32. Rc1 c4 33. Qb6 Rb8 34. Qc7 Rc8 35. Qb6 Qa3 36. Re1 c3 37. Rxe6 c2 38. Re1 c1=Q 39. Rxc1 Rxc1 40.
Qb5 g6 41. a6 Qa1 42. f3 Kg7 43. h4 Qd4+ 44. Kh2 Qxh4+ 45. Kg1 Qd4+ 46. Kh2 Rc5 47.
Qb7 Rh5+ 0-1

[Event "Late-Titled-Tuesday-Blitz-November-28-2023"]
[Site "Chess.com"]
[Date "2023.11.28"]
[Round "7"]
[White "alexrustemov"]
[Black "kai_nov"]
[Result "1-0"]
[WhiteElo "2839"]
[BlackElo "2292"]
[TimeControl "180+1"]
[EndTime "15:14:46 PST"]
[Termination "alexrustemov won by resignation"]

1. d4 Nf6 2. c4 e6 3. Nf3 d5 4. cxd5 exd5 5. Nc3 c6 6. Bg5 h6 7. Bh4 Be7 8. Qc2 O-O 9. e3 Nh5 10. Bxe7 Qxe7 11. O-O-O b5 12. Kb1 Nd7 13. Rc1 Nb6 14. Ne5 Qd6 15. Bd3 Nc4 16. Bxc4 bxc4 17. Na4 g6 18.
Ka1 Bf5 19. Qc3 Nf6 20. Nc5 Ne4 21. Nxe4 Bxe4 22. f3 Bf5 23. e4 Be6 24. b3 cxb3 25. Qc5 Qxc5 26. Rxc5 dxe4 27. fxe4 Rab8 28. Nxc6 b2+ 29.
Kb1 Rb6 30. d5 Bg4 31. Rc2 f5 32. e5 f4 33. Rxb2 Bf5+ 34. Ka1 Rxb2 35. Kxb2 Be4 36. Rg1 Kg7 37. Ne7 Kf7 38. d6 Ke6 39. Re1 Bxg2 40. Nxg6 Rb8+ 41. Kc3 f3 42. Nf4+ Kf5 43. Nxg2 fxg2 44.
e6 Kf6 45. e7 Re8 46. d7 g1=Q 47. dxe8=N+ Kf7 48. Nd6+ 1-0

[Event "Late-Titled-Tuesday-Blitz-November-28-2023"]
[Site "Chess.com"]
[Date "2023.11.28"]
[Round "7"]
[White "German_Bazeev"]
[Black "aa175"]
[Result "1-0"]
[WhiteElo "2814"]
[BlackElo "2604"]
[TimeControl "180+1"]
[EndTime "15:14:48 PST"]
[Termination "German_Bazeev won by checkmate"]

1. d4 Nf6 2. Nf3 d5 3. c4 c6 4.
Qc2 g6 5. Bf4 Bg7 6. e3 O-O 7. Nc3 Bf5 8. Qb3 Qb6 9. h3 Nbd7 10.
Be2 e6 11. c5 Qxb3 12. axb3 Ne4 13. g4 Nxc3 14. bxc3 Be4 15. O-O f6 16. Nd2 g5 17.
Bd6 Rf7 18. Nxe4 dxe4 19. Bc4 Nf8 20. b4 a6 21. Bxf8 Kxf8 22. Bxe6 Re7 23. Bf5 Kf7 24. Bxh7 Rh8 25. Bf5 Rxh3 26. Kg2 Rh8 27. Rh1 Rxh1 28.
Rxh1 Re8 29. c4 Kf8 30. Rd1 Ra8 31. Bxe4 a5 32. bxa5 Rxa5 33. Rb1 Ra7 34. Bf5 Ke8 35. Bc8 Kd8 36. Rxb7 Rxb7 37. Bxb7 Kc7 38. Ba8 Bf8 39. Kf3 Be7 40. Ke4 Kd7 41. Kf5 Bd8 42. Kg6 Be7 43. Kf7 Bd8 44. f3 Ba5 45. Kxf6 Bd2 46. Kxg5 Bxe3+ 47. Kf5 Bxd4 48. f4 Bxc5 49. Kg6 Bd4 50. f5 c5 51. g5 Ke7 52. Bd5 Kf8 53. f6 Be3 54. Kf5 Bd2 55. g6 Bh6 56. Be6 Bg7 57.
fxg7+ Kxg7 58. Kg5 Kh8 59. Bf5 Kg7 60. Be4 Kg8 61.
Bd3 Kg7 62. Bc2 Kg8 63. Bb3 Kg7 64. Ba4 Kg8 65. Bb5 Kg7 66. Kf5 Kg8 67. Ba4 Kg7 68.
Bd1 Kg8 69. Bh5 Kg7 70. Ke5 Kg8 71. Kd5 Kg7 72. Kxc5 Kg8 73. Kd5 Kg7 74. Ke5 Kg8 75. Kf5 Kg7 76. Kg5 Kg8 77. Bg4 Kg7 78. Bf5 Kg8 79.
Be4 Kg7 80. Bf3 Kg8 81. Be2 Kg7 82. Bd3 Kg8 83. Bc2 Kg7 84. Bb3 Kg8 85. Ba4 Kg7 86.
c5 Kg8 87. Bb5 Kg7 88. Bd3 Kh8 89. Be2 Kg7 90. Bf3 Kh8 91. Kh6 Kg8 92. c6 Kh8 93. g7+ Kg8 94. Bd5# 1-0

[Event "Late-Titled-Tuesday-Blitz-November-28-2023"]
[Site "Chess.com"]
[Date "2023.11.28"]
[Round "7"]
[White "Heinza9"]
[Black "HajiyevKanan"]
[Result "0-1"]
[WhiteElo "2330"]
[BlackElo "2493"]
[TimeControl "180+1"]
[EndTime "15:14:49 PST"]
[Termination "HajiyevKanan won on time"]

1. e4 c6 2. d4 d5 3. exd5 cxd5 4.
c4 e6 5. Nc3 Nf6 6. Nf3 Bb4 7.
cxd5 Nxd5 8. Bd2 O-O 9. Bd3 Nc6 10. O-O Nf6 11. a3 Be7 12. Qe2 Nxd4 13. Nxd4 Qxd4 14. Rfd1 Qh4 15. g3 Qh3 16. Qf3 Ng4 17. Qg2 Qxg2+ 18. Kxg2 b6 19. Be4 Rb8 20. Bf4 e5 21. Nd5 Bc5 22. f3 exf4 23. fxg4 fxg3 24. hxg3 Bxg4 25. Rh1 f5 26. Bc2 Rbd8 27. Bb3 Kh8 28. Rae1 g6 29. Re6 Kg7 30. Rhe1 a5 31. Ba2 a4 32. Bc4 b5 33.
Ba2 Rd7 34. Rc6 Bd4 35. Nf4 Rb8 36. Ne6+ Kh8 37. Nf4 Bxb2 0-1

[Event "Late-Titled-Tuesday-Blitz-November-28-2023"]
[Site "Chess.com"]
[Date "2023.11.28"]
[Round "7"]
[White "Nick12772"]
[Black "Cidonka"]
[Result "0-1"]
[WhiteElo "2375"]
[BlackElo "2295"]
[TimeControl "180+1"]
[EndTime "15:14:49 PST"]
[Termination "Cidonka won by resignation"]

1. Nf3 d5 2. g3 c5 3. Bg2 Nc6 4.
d4 cxd4 5. Nxd4 Nf6 6. O-O e6 7.
c4 Be7 8. Nc3 O-O 9. cxd5 exd5 10. Bf4 Bg4 11. Rc1 Re8 12. h3 Bh5 13. Ncb5 Nxd4 14.
Nxd4 Ne4 15. Re1 Bf6 16. Be3 Qa5 17. Qb3 Rad8 18. Qxb7 Nxg3 19. Nc6 Qxa2 20. Nxd8 Bxd8 21. Bxd5 Qa5 22. Qd7 Rf8 23. fxg3 Bf6 24. b3 Rd8 25.
Qxa7 Qxd5 26. Red1 Qf5 27. Rxd8+ Bxd8 28. Qd4 Bf6 29.
g4 Bxd4 30. gxf5 Bxe3+ 31. Kg2 Bxc1 32. Kg3 Be3 33. b4 Kf8 34. b5 Bxe2 35. h4 Bb6 36. Kf4 Bxb5 37. Ke5 Bc7+ 38. Kd5 Bd7 39. Ke4 Ke7 40.
h5 Kf6 41. h6 gxh6 42. Kf3 Bxf5 0-1

[Event "Late-Titled-Tuesday-Blitz-November-28-2023"]
[Site "Chess.com"]
[Date "2023.11.28"]
[Round "7"]
[White "Yushko_Olga"]
[Black "emiliochess"]
[Result "1-0"]
[WhiteElo "2139"]
[BlackElo "2411"]
[TimeControl "180+1"]
[EndTime "15:14:49 PST"]
[Termination "Yushko_Olga won by resignation"]

1. d4 Nf6 2. c4 g6 3. Nc3 d6 4.
Nf3 Bg7 5. Bg5 O-O 6. e3 h6 7. Bh4 Nbd7 8. Be2 e5 9. O-O c5 10. dxe5 Nxe5 11. Qc2 Qe7 12. Rfd1 Be6 13. Nxe5 dxe5 14.
Nd5 Bxd5 15. cxd5 Rfd8 16. e4 g5 17. Bg3 a6 18. a4 Rab8 19. a5 Bf8 20. f3 Nd7 21.
Ra3 Qd6 22. Rb3 b5 23. axb6 Rxb6 24. Rxb6 Qxb6 25. Qc3 Bd6 26. Ra1 a5 27. Rxa5 Rb8 28.
Rb5 Qa7 29. Rxb8+ Qxb8 30. Bf2 Qb4 31. Qxb4 cxb4 32. Kf1 Kf8 33. Bb5 Ke7 34. Bxd7 Kxd7 35. Ke2 Kc7 36. Kd3 Kb7 37. Kc4 Ka6 38. h4 Ka5 39. b3 f6 40. hxg5 hxg5 41. Bc5 Bc7 42. Be7 1-0

[Event "Late-Titled-Tuesday-Blitz-November-28-2023"]
[Site "Chess.com"]
[Date "2023.11.28"]
[Round "7"]
[White "NotFischer"]
[Black "nindjaxx8"]
[Result "1-0"]
[WhiteElo "2349"]
[BlackElo "2443"]
[TimeControl "180+1"]
[EndTime "15:14:50 PST"]
[Termination "NotFischer won on time"]

1. e4 e6 2. d4 d5 3. e5 c5 4. c3 Nc6 5. Nf3 Qb6 6. Bd3 Bd7 7. O-O cxd4 8. Re1 Nge7 9. h4 Nf5 10. Nbd2 dxc3 11. bxc3 Bc5 12. Rf1 a6 13. Rb1 Qa7 14. Bxf5 exf5 15. Nb3 Be6 16. Nxc5 Qxc5 17. Rxb7 O-O 18.
Qa4 Qxc3 19. Ba3 Nxe5 20. Nxe5 Qxe5 21. Bxf8 Rxf8 22. Qxa6 Qe4 23. Qd6 h6 24. h5 d4 25. Rb8 Rxb8 26. Qxb8+ Kh7 27. Qb2 d3 28. Qd2 Bc4 29. a4 f4 30. Re1 Qf5 31. f3 Qc5+ 32. Qf2 Qxh5 33. Qd4 Qa5 34. Ra1 Ba6 35. Qe4+ f5 36. Qxf4 Qc5+ 37. Kh1 Bc8 38. a5 Qc3 39. Rc1 1-0

[Event "Late-Titled-Tuesday-Blitz-November-28-2023"]
[Site "Chess.com"]
[Date "2023.11.28"]
[Round "7"]
[White "jinxy2009"]
[Black "morte-negra"]
[Result "1-0"]
[WhiteElo "2277"]
[BlackElo "2008"]
[TimeControl "180+1"]
[EndTime "15:14:53 PST"]
[Termination "jinxy2009 won on time"]

1. e4 c5 2. Nf3 d6 3. d4 cxd4 4. Nxd4 Nf6 5. Nc3 a6 6. Be3 e6 7. g4 b5 8. g5 Nfd7 9. a3 Bb7 10. Qd2 Nb6 11. h4 N8d7 12. O-O-O Rc8 13. h5 Ne5 14. Qe1 Be7 15. Be2 Bxg5 16. f4 Nec4 17. Bxc4 Bh6 18. Bb3 O-O 19. f5 Bxe3+ 20. Qxe3 e5 21.
Nf3 Nc4 22. Bxc4 Rxc4 23. Rhg1 f6 24. h6 b4 25. axb4 Rf7 26. Nd5 Qc8 27. c3 Qc6 28. hxg7 Qa4 29. Qd3 Bxd5 30. Qxd5 Qa1+ 31. Kc2 1-0

[Event "Late-Titled-Tuesday-Blitz-November-28-2023"]
[Site "Chess.com"]
[Date "2023.11.28"]
[Round "7"]
[White "AryanTari"]
[Black "gahryman"]
[Result "1-0"]
[WhiteElo "2984"]
[BlackElo "2707"]
[TimeControl "180+1"]
[EndTime "15:14:54 PST"]
[Termination "AryanTari won on time"]

1. e4 c5 2. Nf3 Nc6 3. Bc4 d6 4. O-O Nf6 5. Re1 Bg4 6. c3 e6 7.
h3 Bh5 8. Bf1 Bxf3 9. Qxf3 Rg8 10. Bb5 Qb6 11. Na3 O-O-O 12. d4 cxd4 13. Bxc6 Qxc6 14.
cxd4 Kb8 15. Bg5 Be7 16. Rac1 Qd7 17. Nc4 Rc8 18. Bf4 Ka8 19. Qa3 Rxc4 20. Rxc4 d5 21. Rb4 Bxb4 22. Qxb4 dxe4 23. Be5 Nd5 24. Qb3 f6 25.
Bg3 f5 26. Be5 Rc8 27. h4 g6 28. Qg3 b6 29. Qg5 Kb7 30. h5 gxh5 31. Qxh5 Rg8 32. g3 a5 33. Kg2 f4 34. Rxe4 fxg3 35. fxg3 Rc8 36. Re2 Rc1 37. Qf3 Qc6 38. Kh2 1-0

[Event "Late-Titled-Tuesday-Blitz-November-28-2023"]
[Site "Chess.com"]
[Date "2023.11.28"]
[Round "7"]
[White "krzyzan94"]
[Black "DanylaBagrov"]
[Result "1-0"]
[WhiteElo "2741"]
[BlackElo "2592"]
[TimeControl "180+1"]
[EndTime "15:14:54 PST"]
[Termination "krzyzan94 won by resignation"]

1. c4 e5 2. Nc3 Nf6 3. d3 d5 4.
cxd5 Nxd5 5. Nf3 Nc6 6. e4 Nxc3 7. bxc3 Bc5 8. Be2 O-O 9. O-O Be6 10. Be3 Bxe3 11. fxe3 Bg4 12. Rb1 b6 13. d4 Bxf3 14. Rxf3 Qd6 15. Rb5 Qa3 16. Qd2 Rad8 17. h3 a6 18. Rd5 b5 19. Rg3 Rd6 20. Kh2 Rfd8 21. c4 Nb4 22. dxe5 Rxd5 23. exd5 Qxa2 24. Qxb4 Qxe2 25.
Qe7 Rf8 26. cxb5 Qxb5 27. e4 Qc4 28. d6 cxd6 29. exd6 Qe6 30. Qxe6 fxe6 31. e5 Ra8 32. Rc3 a5 33. d7 Kf7 34. Rc8 Ra7 35. d8=Q Re7 36.
Rc7 1-0

[Event "Late-Titled-Tuesday-Blitz-November-28-2023"]
[Site "Chess.com"]
[Date "2023.11.28"]
[Round "7"]
[White "ChessSwole"]
[Black "Lukianoo"]
[Result "1-0"]
[WhiteElo "2704"]
[BlackElo "2804"]
[TimeControl "180+1"]
[EndTime "15:14:57 PST"]
[Termination "ChessSwole won on time"]

1. d4 Nf6 2. Bg5 c5 3. Nc3 cxd4 4. Qxd4 Nc6 5. Qh4 d6 6. O-O-O Be6 7. e4 Qa5 8. a3 Rc8 9. f4 a6 10. f5 Bd7 11. Nf3 b5 12. Bxf6 gxf6 13. Nd5 b4 14. Qe1 Bh6+ 15. Kb1 Rb8 16. axb4 Nxb4 17. Bc4 Ba4 18.
Nxb4 Rxb4 19. Rd4 Bxc2+ 20. Kxc2 Qa4+ 21. b3 Qa2+ 22. Kd3 Qxg2 23. Qxb4 Qxf3+ 24. Kc2 Qg2+ 25. Kc3 Qxh1 26. Qb8+ Kd7 27. Qb7+ Kd8 28. Qb8+ Kd7 29. Qa7+ Kd8 30. Qb6+ Kd7 31. Qb7+ Kd8 32. Qxa6 Qc1+ 33.
Kb4 Kd7 34. Bb5+ Kc7 35. Rc4+ 1-0